 Dungeon Crawl Stone Soup version 0.30.1-4-g462c640d31 (webtiles) character file.

Game seed: 4767205321168881724

32 croobank the Sneak (level 2, -5/26 HPs)
             Began as a Demigod Delver on Aug 23, 2023.
             Slain by a bullfrog (8 damage)
             ... in the Ecumenical Temple.
             The game lasted 00:02:33 (267 turns).

croobank the Sneak (Demigod Delver)                  Turns: 267, Time: 00:02:33

Health: -5/26      AC:  3    Str: 13    XL:     2   Next: 93%
Magic:  13/13      EV: 12    Int: 12    God:
Gold:   18         SH:  0    Dex: 15    Spells: 1/1 levels left

rFire   . . .        a - +0 short sword
rCold   . . .        (no shield)
rNeg    . . .        b - +0 leather armour
rPois   .            (no helmet)
rElec   .            (no cloak)
rCorr   .            (no gloves)
SInv    .            (no boots)
Will    .....        (no amulet)
Stlth   +++          h - ring of magical power
HPRegen 0.24/turn    (no ring)
MPRegen 0.13/turn

%: no passive effects
@: no status effects
A: high MP 1, forlorn, divine attributes
a: no special abilities


You were in the Ecumenical Temple.
You visited 2 branches of the dungeon, and saw 3 of its levels.

You collected 18 gold pieces.

Inventory:

Hand Weapons
 a - a +0 short sword (weapon)
Armour
 b - a +0 leather armour (worn)
Jewellery
 e - a ring of ice
 h - a ring of magical power (left hand)
Wands
 g - a wand of digging (3)


   Skills:
 + Level 3.0 Fighting
 + Level 2.1 Short Blades
 + Level 2.1 Dodging
 * Level 4.9 Stealth


You had one spell level left.
You didn't know any spells.
Your spell library contained the following spells:

 Spells                   Type           Power      Damage    Failure   Level
 Call Canine Familiar     Summ           0%         N/A       77%         3
 Portal Projectile        Hex/Tloc       0%         N/A       77%         3
 Leda's Liquefaction      Hex/Erth       0%         N/A       99%         4


Dungeon Overview and Level Annotations

Branches:
Dungeon (6/15)             Temple (1/1) D:5


Innate Abilities, Weirdness & Mutations

You have an increased reservoir of magic. (+10% MP)
You shall have no god before yourself.
Your divine heritage dramatically boosts your attributes as you level up.


Message History

HP restored.
You climb upwards.
The bullfrog hits you but does no damage.
The orc hits you but does no damage. The bullfrog hits you.
The orc completely misses you.
The bullfrog hits you but does no damage.
There is a staircase to the Ecumenical Temple here.
The bullfrog closely misses you. The orc misses you.
The orc hits you with a +0 dagger.
You climb downwards.
Welcome back to the Ecumenical Temple!
There is a staircase back to the Dungeon here.
You hit the bullfrog.
The bullfrog is lightly wounded.
The bullfrog completely misses you. The orc closely misses you.
The orc barely misses you. The bullfrog barely misses you.
You hit the bullfrog.
The bullfrog is lightly wounded.
The bullfrog hits you. The orc hits you with a +0 short sword.
The orc hits you with a +0 dagger.
* * * LOW HITPOINT WARNING * * *
You hit the bullfrog.
The bullfrog is moderately wounded.
The bullfrog barely misses you. The orc closely misses you. x2
You aren't carrying any scrolls.
You aren't carrying any potions.
You hit the orc.
The orc is lightly wounded.
The bullfrog hits you.
* * * LOW HITPOINT WARNING * * *
The orc barely misses you. The orc hits you with a +0 dagger.
* * * LOW HITPOINT WARNING * * *
You closely miss the orc.
The orc is lightly wounded.
The bullfrog barely misses you. The bullfrog misses you.
You completely miss the orc.
The orc is lightly wounded.
The orc hits you but does no damage. The orc hits you with a +0 dagger.
* * * LOW HITPOINT WARNING * * *
The bullfrog hits you!
You die...

.# #. ..# #..
...## ##...
.....##+##.....
...............
#....8...8....#
#.....Fo......#
+......@......+
#.......o.....#
#....8...8....#
...............
.....##+##.....
...## ##... ..#
#.. .# #.


You could see a bullfrog and 2 orcs.

Vanquished Creatures
  A hound (Temple)
  An orc (D:5)
2 creatures vanquished.

Notes
Turn   | Place    | Note
-------+----------+-------------------------------------------
     0 | D:5      | croobank the Demigod Delver began the quest for the Orb.
     0 | D:5      | Reached XP level 1. HP: 18/18 MP: 3/3
     8 | D:6      | Noticed an iguana
    25 | D:6      | Noticed an ogre
   161 | D:5      | Noticed a hound
   162 | D:5      | Found a staircase to the Ecumenical Temple.
   162 | D:5      | Noticed a bullfrog
   178 | D:5      | Noticed an ogre
   179 | D:5      | Noticed an orc priest
   191 | D:5      | Noticed a black bear
   195 | Temple   | Entered the Ecumenical Temple
   203 | Temple   | Killed a hound
   204 | Temple   | Reached XP level 2. HP: 13/26 MP: 4/4
   267 | Temple   | Slain by a bullfrog

Illustrated notes

Levels and vault maps discovered:
D:5:      layout_cave_pools, minmay_temple_entry_stoned_glass,
          serial_gnoll_camp, gnoll_camp_mini_basic, gnoll_camp_mini_hut,
          gnoll_camp_mini_shop, gnoll_camp_mini_hut, gnoll_camp_medium_01,
          gnoll_camp_medium_02
D:6:      layout_loops_ring, nicolae_qazlal_beasts_of_the_sky,
          gup_sewer_entry_pipe, uniq_blork_the_orc
Temple:   minmay_temple_curvy_branch

Skill      XL: |  1 |
---------------+----+-----
Fighting       | 3 |  3.0
Short Blades   | 2 |  2.1
Dodging        | 2 |  2.1
Stealth        | |  4.9

Action                     || total
---------------------------++-------
  Melee: Short sword       ||    30
    Use: Scroll            ||     3
         Potion            ||     1
   Stab: Sleeping          ||     2
 Armour: Leather armour    ||    11
  Dodge: Dodged            ||    24
